 Dungeon Crawl Stone Soup version 0.27-a0-1136-g0b992a5a9d (webtiles) character file.

Game seed: 11038824954377327637

75710 1player the Unseen (level 15, 132/132 HPs)
             Began as a Ghoul Ice Elementalist on May 4, 2021.
             Was the Champion of Makhleb.
             Quit the game on level 9 of the Dungeon.
             The game lasted 01:23:26 (30887 turns).

1player the Unseen (Ghoul Ice Elementalist)        Turns: 30887, Time: 01:23:27

Health: 132/132    AC: 21    Str: 12    XL:     15   Next: 51%
Magic:  23/23      EV: 15    Int: 21    God:    Makhleb [******]
Gold:   1880       SH:  5    Dex: 15    Spells: 9/26 levels left

rFire    . . .     SeeInvis .   b - +9 spear "Muil" {vorpal, Will+}
rCold    + . .     Faith    .   q - +0 buckler
rNeg     + + +     Spirit   .   E - +7 ring mail of the Beginning {rElec Dex+4}
rPois    ∞         Reflect  .   r - +1 hat
rElec    +         Harm     .   R - +0 cloak
rCorr    .         Rampage  .   (no gloves)
Will     ++++.                  S - +0 pair of boots
Stlth    +++++.....             V - amulet of regeneration
HPRegen  1.32/turn              z - +6 ring of intelligence
MPRegen  0.18/turn              Z - ring of Morality {Will++ AC+4 Str-2 Dex+2}

@: studying Stealth
A: claws 1, cold resistance 1, negative energy resistance 3, inhibited
regeneration, torment resistance 2, unbreathing 1
a: Renounce Religion, Minor Destruction, Lesser Servant of Makhleb, Major
Destruction, Greater Servant of Makhleb


You were on level 9 of the Dungeon.
You worshipped Makhleb.
Makhleb was exalted by your worship.
You visited 4 branches of the dungeon, and saw 21 of its levels.
You also visited: Bailey and Ice Cave.

You collected 2244 gold pieces.
You spent 364 gold pieces at shops.

Inventory:

Hand Weapons
 b - the +9 spear "Muil" (weapon) {vorpal, Will+}
   (You took it off an orc on level 6 of the Dungeon)

   It inflicts extra damage upon your enemies.
   It increases your willpower.
 h - a +4 whip of electrocution
 w - the +4 falchion of the World {vorpal, rF- rC++ Dex+2 SInv}
   (You found it on level 2 of the Lair of Beasts)

   It inflicts extra damage upon your enemies.
   It affects your dexterity (+2).
   It makes you vulnerable to fire.
   It greatly protects you from cold.
   It lets you see invisible.
 D - a +2 long sword of distortion
Missiles
 v - 54 poisoned darts
 N - 10 throwing nets
Armour
 q - a +0 buckler (worn)
 r - a +1 hat (worn)
 E - the +7 ring mail of the Beginning (worn) {rElec Dex+4}
   (You found it on level 6 of the Dungeon)

   It affects your dexterity (+4).
   It insulates you from electricity.
 J - a +2 pair of gloves
 R - a +0 cloak (worn)
 S - a +0 pair of boots (worn)
Magical Staves
 a - a staff of cold
Jewellery
 t - a ring of resist corrosion
 z - a +6 ring of intelligence (left claw)
 I - a +6 ring of intelligence
 K - a ring of fire
 Q - a ring of willpower
 T - a ring of flight
 V - an amulet of regeneration (around neck)
 Z - the ring of Morality (right claw) {Will++ AC+4 Str-2 Dex+2}
   (You acquired it on level 4 of the Lair of Beasts)

   [ring of protection]

   It affects your AC (+4).
   It affects your strength (-2).
   It affects your dexterity (+2).
   It greatly increases your willpower.
Wands
 o - a wand of polymorph (34)
 y - a wand of mindburst (23)
 B - a wand of flame (98)
 L - a wand of iceblast (7)
 O - a wand of paralysis (7)
Scrolls
 l - 7 scrolls of teleportation
 m - 3 scrolls of fog
 u - a scroll of fear
 G - 3 scrolls of enchant weapon
 U - 3 scrolls of amnesia
 W - 5 scrolls of blinking
 X - 3 scrolls of summoning
Potions
 c - 3 potions of attraction
 s - a potion of resistance
 x - 2 potions of might
 A - a potion of invisibility {unknown}
 C - a potion of haste
 H - 3 potions of flight
 M - 4 potions of brilliance
 P - a potion of magic
 Y - 4 potions of curing {@q1}
Miscellaneous
 F - a lightning rod (4/4)


   Skills:
 - Level 12.0 Fighting
 - Level 3.0 Staves
 - Level 9.0 Armour
 + Level 10.3 Dodging
 - Level 15.0 Stealth
 - Level 4.0 Shields
 - Level 6.0 Spellcasting
 - Level 15.0 Ice Magic
 - Level 9.0 Invocations


You had 9 spell levels left.
You knew the following spells:

 Your Spells              Type           Power      Damage    Failure   Level
a - Ozocubu's Armour      Ice            62%        N/A       1%          3
b - Hailstorm             Conj/Ice       37%        3d9       9%          4
q - Freeze                Ice            100%       1d11      1%          1
s - Ensorcelled Hibernat  Hex/Ice        74%        N/A       1%          2
w - Summon Ice Beast      Ice/Summ       37%        N/A       9%          4
z - Frozen Ramparts       Ice            100%       1d12      1%          3

Your spell library contained the following spells:

 Spells                   Type           Power      Damage    Failure   Level
 Corona                   Hex            6%         N/A       19%         1
 Foxfire                  Conj/Fire      24%        2x1d5     19%         1
 Summon Small Mammal      Summ           24%        N/A       19%         1
 Metabolic Englaciation   Hex/Ice        18%        N/A       24%         5
 Call Imp                 Summ           6%         N/A       28%         2
 Corpse Rot               Necr/Air       N/A        N/A       28%         2
 Static Discharge         Conj/Air       6%         N/A       28%         2
 Call Canine Familiar     Summ           6%         N/A       50%         3
 Confusing Touch          Hex            6%         N/A       50%         3
 Conjure Flame            Conj/Fire      6%         6-21      50%         3
 Dazzling Flash           Conj/Hex       12%        N/A       50%         3
 Gell's Gravitas          Tloc           3%         N/A       50%         3
 Inner Flame              Hex/Fire       6%         N/A       50%         3
 Stone Arrow              Conj/Erth      12%        3d7       50%         3
 Summon Guardian Golem    Hex/Summ       6%         N/A       50%         3
 Tukima's Dance           Hex            6%         N/A       50%         3
 Cause Fear               Hex            3%         N/A       88%         4
 Petrify                  Tmut/Erth      6%         N/A       88%         4
 Sticky Flame             Conj/Fire      6%         2d3       88%         4
 Summon Lightning Spire   Summ/Air       6%         N/A       88%         4
 Fireball                 Conj/Fire      3%         3d4       99%         5
 Lightning Bolt           Conj/Air       3%         1d14      99%         5
 Silence                  Hex/Air        3%         N/A       99%         5
 Summon Forest            Summ/Tloc      3%         N/A       99%         5
 Yara's Violent Unravell  Hex/Tmut       3%         3d4       99%         5
 Eringya's Noxious Bog    Tmut/Pois      3%         N/A       100%        6
 Summon Hydra             Summ           3%         N/A       100%        7
 Discord                  Hex            3%         N/A       100%        8
 Ignition                 Fire           3%         3d4       100%        8
 Shatter                  Erth           3%         3d7*      100%        9
 Tornado                  Air            3%         N/A       100%        9
 Hydra Form               Tmut           Unusable   N/A       N/A         5

Dungeon Overview and Level Annotations

Branches:
Dungeon (13/15)            Temple (1/1) D:5            Lair (6/6) D:8
  Swamp (0/4) Lair:4       Spider (0/4) Lair:2        Slime (0/5) Lair:5
    Orc (1/2) D:9          Bailey (visited)           IceCv (visited)
 Vaults: D:13-14

Altars:
Ashenzari
Cheibriados
Dithmenos
Elyvilon
Fedhas
Gozag
Hepliaklqana
Kikubaaqudgha
Makhleb
Nemelex Xobeh
Okawaru
Qazlal
Ru
Sif Muna
Trog
Uskayaw
Vehumet
Wu Jian
Xom
Yredelemnul
Zin
The Shining One
Jiyva

Shops:
D:10 (   D:11 ?

Portals:
Hell: Lair:6

Annotations:
D:5 1 runed translucent door, Crazy Yiuf
D:10 exclusion: downstairs
Lair:1 Sonja
Lair:4 exclusion: 3 hogs
Lair:5 3 runed translucent doors, Kyulydaec's ghost, journeyman OpTm


Innate Abilities, Weirdness & Mutations

You thrive by killing the living.
You are immune to poison.
You have sharp fingernails.
Your flesh is cold resistant. (rC+)
You are immune to negative energy. (rN+++)
You do not regenerate when monsters are visible.
You are immune to unholy pain and torment.
You can survive without breathing.


Message History

The wall freezes the ettin.
The ettin hits you with a +0 great mace!!
The ettin hits you but does no damage.
Casting: Frozen Ramparts (safe; 1% risk of failure)
Confirm with . or Enter, or press ? or * to list all spells.
A film of ice covers your body!
The wall freezes the ettin!
The ettin misses you.
The ettin hits you with a +0 dire flail!!
You hit the ettin.
The ettin is moderately wounded.
The wall freezes the ettin!
You block the ettin's attack. The ettin misses you.
You hit the ettin.
The ettin is heavily wounded.
The wall freezes the ettin!
The ettin hits you with a +0 great mace!!
The ettin hits you with a +0 dire flail!
You puncture the ettin!
The ettin is severely wounded.
The wall freezes the ettin.
The ettin hits you with a +0 great mace!
* * * LOW HITPOINT WARNING * * *
The ettin hits you with a +0 dire flail!
* * * LOW HITPOINT WARNING * * *
You hit the ettin.
The ettin is almost dead.
The wall freezes the ettin.
The ettin hits you but does no damage. x2
You hit the ettin.
You kill the ettin!
Makhleb accepts your kill.
You feel better.
Your icy armour cracks and falls away as you move.
The frozen ramparts melt away as you move.
There is an open door, spattered with blood here.
Things that are here:
a +0 great mace; a +0 dire flail; an ettin corpse Unknown command.
You start resting.
Magic restored.
HP restored.
Are you sure you want to abandon this character and quit the game? (Confirm with "yes".)

.._..#..# #[[......#..## #...#...
....⌠#..# #[...........# #.#.#.#.
.....#..# #..........### #.#.#.#.
#####'..# ##........######†#.#.#.
........# #........# #......#...
..##.##.# ###.....#######†#####.
..##....# #.#.#.##....#.#.....
..#####.#######8.8##..##.#.#.#.!.
......#.#)).).##@##.####.#.###..#
..###.#.#.#####...#.# #.#.##...#
..# #.#.#.# #.>.#.# #.#......#
#.# #.#.#.# #...#.# #.###.###.
#.# #.#.#.# ####### #.# #..###
#.###.#.#.# #.# #[# ##..##
........#.# #.########.#####...
#.#####.#.# #................##
#.#######.# #############...###


There were no monsters in sight!

Vanquished Creatures
  Gastronok (Lair:3)
  An ettin (D:9)
  A fire dragon (D:9)
  9 hydras
  2 boulder beetles
  A vault guard (D:13)
  Erica (Lair:1)
  3 centaur warriors
  4 two-headed ogres
  7 death yaks (Lair:6)
  A sixfirhy (Lair:6)
  Nergalle (Lair:2)
  A fire crab (shapeshifter) (D:13)
  A lindwurm (Lair:3)
  A cyclops (D:9)
  2 ugly things
  21 elephants
  3 black mambas
  3 gargoyles (D:13)
  8 cane toads
  A smoke demon (Lair:6)
  2 orange demons (Lair:6)
  A torpor snail (Lair:6)
  5 rime drakes
  An efreet (D:13)
  3 kobold demonologists
  A red devil (Lair:6)
  16 komodo dragons
  2 trolls
  An ice devil (Lair:6)
  3 polar bears
  2 jumping spiders
  A hornet (D:10)
  8 slime creatures (D:12)
  11 blink frogs
  A dream sheep (Lair:6)
  3 redbacks (Lair:2)
  4 shadows
  A vampire (D:11)
  2 wraiths
  38 yaks
  A spriggan (Lair:3)
  Eustachio (D:5)
  5 basilisks
  3 steam dragons
  2 wyverns
  A human (D:13)
  11 vampire mosquitoes
  5 hell hounds (Lair:6)
  18 water moccasins
  2 ice beasts
  3 sky beasts
  A hornet zombie (D:6)
  4 black bears
  8 ogres
  4 orc warriors
  21 wolves
  A necrophage (D:6)
  12 centaurs
  4 kobold brigands
  11 bullfrogs
  2 scorpions
  11 gnoll sergeants
  A water moccasin skeleton (D:5)
  15 killer bees
  The ghost of Ge0ff the Magician, a weakling DjIE (D:3)
  6 wights
  An electric eel (D:10)
  A howler monkey (D:3)
  7 centaur zombies
  2 hounds (Bailey)
  2 jellies
  A centaur skeleton (D:4)
  8 orc priests
  6 gnoll shamans (Bailey)
  A bullfrog skeleton (D:5)
  8 orc wizards
  Ijyb (D:5)
  2 iguanas
  2 killer bee zombies
  2 hound skeletons (D:4)
  4 howler monkey zombies
  19 gnolls
  2 howler monkey skeletons
  11 adders
  2 shadow imps (D:6)
  3 white imps (IceCv)
  5 ufetubi
  A worm (D:4)
  An adder skeleton (D:4)
  9 dart slugs
  34 orcs
  11 endoplasms
  2 giant cockroaches (D:4)
  14 goblins
  6 hobgoblins
  9 jackals
  5 quokkas
  7 ball pythons
  A bat (D:1)
  6 frilled lizards
  20 kobolds
  A quokka zombie (D:4)
  14 rats
564 creatures vanquished.

Vanquished Creatures (collateral kills)
  Erolcha (D:9)
  2 hydras (Lair:6)
  A boulder beetle (D:12)
  2 wizards
  A cyclops (D:13)
  An elephant (Lair:6)
  A black mamba (Lair:6)
  A rime drake (Lair:6)
  2 komodo dragons (Lair:6)
  A red devil (Lair:6)
  8 slime creatures (D:12)
  2 wyverns (Lair:6)
  A water moccasin (Lair:6)
  A gnoll (D:12)
25 creatures vanquished.

Vanquished Creatures (others)
  A tengu conjurer (D:13)
  5 white imps (IceCv)
  5 ufetubi (IceCv)
  45 fungi
  45 plants
101 creatures vanquished.

Grand Total: 690 creatures vanquished

Notes
Turn   | Place    | Note
-------+----------+-------------------------------------------
     0 | D:1      | 1player the Ghoul Ice Elementalist began the quest for the
                  | Orb.
     0 | D:1      | Reached XP level 1. HP: 14/14 MP: 2/2
   257 | D:1      | Reached XP level 2. HP: 20/20 MP: 0/3
   371 | D:1      | Reached skill level 5 in Ice Magic
   679 | D:1      | Reached XP level 3. HP: 26/26 MP: 4/4
  1310 | D:2      | Learned a level 3 spell: Frozen Ramparts
  1542 | D:2      | Reached XP level 4. HP: 29/33 MP: 2/5
  3096 | D:3      | Found a faded altar of an unknown god.
  3160 | D:3      | Reached XP level 5. HP: 38/38 MP: 2/6
  3201 | D:3      | Learned a level 3 spell: Ozocubu's Armour
  3455 | D:3      | Noticed a fire elemental
  3461 | D:3      | Found a stormy altar of Qazlal.
  3464 | D:3      | Noticed a water elemental
  3464 | D:3      | Noticed an air elemental
  3516 | D:3      | Found a large runed translucent door.
  3516 | D:3      | Found a large runed translucent door.
  3519 | D:3      | Noticed Ge0ff's ghost (weakling DjIE)
  3829 | D:3      | Killed Ge0ff's ghost
  3830 | D:3      | Reached XP level 6. HP: 43/45 MP: 3/7
  3992 | D:4      | Found a shadowy altar of Dithmenos.
  4189 | D:4      | Noticed a black bear
  4404 | D:4      | Found a sacrificial altar of Ru.
  4678 | D:4      | Noticed a sky beast
  4688 | D:4      | Killed a sky beast
  4689 | D:4      | Reached XP level 7. HP: 28/50 MP: 1/8
  5403 | D:5      | Entered Level 5 of the Dungeon
  5406 | D:5      | Noticed Ijyb
  5416 | D:5      | Noticed Eustachio
  5578 | D:4      | Reached skill level 5 in Fighting
  5925 | D:4      | Reached XP level 8. HP: 69/69 MP: 5/9
  6280 | D:5      | Found a staircase to the Ecumenical Temple.
  6289 | Temple   | Entered the Ecumenical Temple
  6879 | D:5      | Killed Ijyb
  7113 | D:5      | Killed Eustachio
  7292 | D:5      | Found a runed translucent door.
  7293 | D:5      | Noticed Crazy Yiuf
  7448 | D:6      | HP: 3/78 [hornet zombie (4)]
  7450 | D:6      | Reached XP level 9. HP: 4/83 MP: 4/10
  8283 | D:6      | Identified the +9 spear "Muil" {vorpal, Will+}
  8481 | D:6      | Reached skill level 5 in Dodging
  8586 | D:6      | Identified the +7 ring mail of the Beginning {rElec Dex+4}
  8588 | D:6      | Identified the +1 dagger of Awkwardness {vorpal, rElec
                  | rF+++ Str-3 Int-4}
  8793 | D:6      | Found a burning altar of Makhleb.
  8848 | D:6      | Became a worshipper of Makhleb the Destroyer
  9352 | D:7      | Identified the +5 plate armour "Mouxu" {rF+ Will+ Int+2}
  9830 | D:7      | Found an opulent altar of Gozag.
  9835 | D:7      | Reached * piety under Makhleb
 10061 | D:7      | Found an ancient bone altar of Kikubaaqudgha.
 10429 | D:8      | Reached XP level 10. HP: 91/91 MP: 4/11
 10572 | D:8      | Noticed an elephant
 10605 | D:7      | Killed an elephant
 10817 | D:8      | Noticed a two-headed ogre
 10838 | D:8      | Killed a two-headed ogre
 11060 | D:8      | Found a staircase to the Lair.
 11094 | D:8      | Found a broken altar of Ashenzari.
 11460 | D:8      | Reached skill level 10 in Stealth
 11483 | D:8      | Reached ** piety under Makhleb
 11485 | D:8      | Noticed a two-headed ogre
 11494 | D:8      | Killed a two-headed ogre
 11812 | D:8      | Reached XP level 11. HP: 97/97 MP: 8/12
 12308 | D:9      | Found a flagged portal.
 12317 | Bailey   | Entered a bailey
 12641 | Bailey   | Learned a level 2 spell: Ensorcelled Hibernation
 12667 | Bailey   | Reached *** piety under Makhleb
 13268 | D:9      | Reached skill level 15 in Stealth
 13357 | D:9      | Found a staircase to the Orcish Mines.
 13423 | D:9      | Reached skill level 1 in Armour
 13555 | D:9      | Noticed a two-headed ogre
 13563 | D:9      | Killed a two-headed ogre
 13681 | D:9      | Noticed a two-headed ogre
 13698 | D:9      | Killed a two-headed ogre
 13998 | D:9      | Found a shimmering altar of Xom.
 14353 | D:9      | Noticed a wizard
 14575 | D:9      | Noticed a fire dragon
 14609 | D:10     | Entered Level 10 of the Dungeon
 14636 | D:10     | Found Haxonel's Weapon Shop.
 14683 | D:10     | Reached skill level 5 in Armour
 14828 | D:10     | Reached **** piety under Makhleb
 14838 | D:10     | Noticed a five-headed hydra
 15172 | D:10     | Found a blossoming altar of Fedhas.
 15251 | D:10     | Found a hazy altar of Hepliaklqana.
 15340 | D:10     | Killed a five-headed hydra
 15829 | D:10     | Reached XP level 12. HP: 100/104 MP: 6/13
 16092 | D:11     | Noticed a boulder beetle
 16218 | D:11     | Found Pubuir's Magic Scroll Emporium.
 16221 | D:11     | Bought a scroll of blinking for 105 gold pieces
 16221 | D:11     | Bought a scroll of teleportation for 42 gold pieces
 16221 | D:11     | Bought 2 scrolls of teleportation for 84 gold pieces
 16221 | D:11     | Bought a scroll of summoning for 133 gold pieces
 16273 | D:11     | Reached skill level 5 in Invocations
 17117 | Lair:1   | Entered Level 1 of the Lair of Beasts
 17299 | Lair:1   | Noticed Erica
 17432 | Lair:1   | Killed Erica
 17545 | Lair:1   | Noticed Sonja
 17678 | Lair:1   | Reached ***** piety under Makhleb
 18472 | Lair:2   | Found a hole to the Spider Nest.
 18605 | Lair:2   | Identified the +3 plate armour "Gahofic" {Int+5 Stlth+}
 18683 | Lair:2   | Reached skill level 5 in Spellcasting
 18876 | Lair:2   | Noticed Nergalle
 19214 | Lair:2   | Identified the +4 falchion of the World {vorpal, rF- rC++
                  | Dex+2 SInv}
 19237 | Lair:2   | Killed Nergalle
 19238 | Lair:2   | Reached XP level 13. HP: 111/111 MP: 15/21
 19779 | Lair:3   | Noticed Gastronok
 19828 | Lair:3   | Reached skill level 10 in Ice Magic
 21509 | Lair:3   | Killed Gastronok
 21992 | Lair:4   | Reached skill level 1 in Shields
 22121 | Lair:4   | Identified a scroll of acquirement
 22121 | Lair:4   | Acquired the ring of Morality {Will++ AC+4 Str-2 Dex+2}
 22969 | Lair:4   | Found a staircase to the Swamp.
 22989 | Lair:4   | Reached XP level 14. HP: 108/118 MP: 22/22
 23396 | Lair:5   | Noticed Kyulydaec's ghost (journeyman OpTm)
 23466 | Lair:5   | Found a runed translucent gate.
 23466 | Lair:5   | Found a runed translucent gate.
 23466 | Lair:5   | Found a runed translucent gate.
 23624 | Lair:5   | Identified the +1 chain mail of Compression {rC+}
 24029 | Lair:5   | Found a staircase to the Slime Pits.
 24030 | Lair:5   | Found a viscous altar of Jiyva.
 24143 | Lair:5   | Reached ****** piety under Makhleb
 24499 | Lair:6   | Entered Level 6 of the Lair of Beasts
 24660 | Lair:6   | Reached skill level 15 in Ice Magic
 24665 | Lair:6   | Learned a level 4 spell: Hailstorm
 24817 | Lair:6   | Learned a level 4 spell: Summon Ice Beast
 24996 | Lair:6   | Reached skill level 10 in Fighting
 26226 | Lair:6   | Found a burning altar of Makhleb.
 26761 | Lair:6   | Found a gateway to Hell.
 26961 | Lair:6   | Reached XP level 15. HP: 57/132 MP: 18/23
 27196 | D:9      | Noticed Erolcha
 27217 | D:9      | Killed Erolcha
 28281 | D:12     | Reached skill level 1 in Staves
 29354 | D:13     | Found a shimmering blue altar of Sif Muna.
 29407 | D:13     | Found a frozen archway.
 29414 | IceCv    | Entered an ice cave
 30001 | D:13     | Reached skill level 10 in Dodging
 30784 | Orc:1    | Entered Level 1 of the Orcish Mines
 30795 | D:9      | HP: 6/132 [ettin/+0 great mace (17)]
 30887 | D:9      | Quit the game

Illustrated notes

Levels and vault maps discovered:
D:1:      minmay_arrival_cross, layout_loops_ring, minmay_misc_feat_iff
D:2:      layout_basic
D:3:      layout_rooms, nicolae_qazlal_style_of_elements,
          ebering_ecumenical_altar_sacrificial, serial_glass, glass_columns_b,
          glass_columns_b, glass_columns_a, glass_columns_b,
          ebering_ghost_disaster_area
D:4:      minmay_opposing_rooms, layout_loops_ring,
          nicolae_dithmenos_the_darkroom, amcnicky_altar_gilded,
          minmay_manual_mandibuliform
D:5:      layout_cave_pools, minmay_temple_entry_butterflies, uniq_ijyb,
          uniq_crazy_yiuf_cottage, uniq_eustachio
D:6:      layout_basic, lightli_temple_of_fire, nicolae_overflow_hidden_temple,
          minivault_1, amcnicky_mini_pool_small
D:7:      layout_loops_ring, lemuel_round_altar, general_overflow_altar,
          serial_glass, glass_columns_a, glass_columns_c, glass_columns_a,
          lightli_minifort
D:8:      minmay_polygon_palace, layout_cave_pods, lemuel_tele_altar,
          david_lair_generic, minmay_microvault
D:9:      layout_basic, jmf_multi_god_temple, hiddenorc1_lemuel, enter_bailey_8,
          kb_rosetta, uniq_erolcha
D:10:     layout_big_octagon, marbit_many_paths, fedhas_altar_1, serial_shops,
          shop, minmay_misc_feat_ornament, dk_noncrumbling_3, kennysheep_potato
D:11:     layout_basic, serial_shops, nicolae_shop_behind_doors
D:12:     layout_roguey
D:13:     layout_roguey, grunt_vaults_entry_fortified,
          portal_ice_cave_entry_pillars_1, led_sif_book
Temple:   jpeg_temple_alley_garden
Lair:1:   layout_regular_city, enter_volcano_2, grunt_megastairs_1, uniq_erica,
          uniq_sonja
Lair:2:   layout_regular_city, nicolae_spider_entry_tight_spaces, uniq_nergalle
Lair:3:   layout_small_grid, grunt_forest_large_clearing_hut,
          grunt_megastairs_3, uniq_gastronok
Lair:4:   layout_cave_pods, swamp_mist, st_stairs_11, uniq_kirke
Lair:5:   layout_gridlike, slime_altar_1, gammafunk_ghost_split
Lair:6:   evil_forest, layout_cave_pods, grunt_megastairs_5,
          infiniplex_staircase_pool
Orc:1:    layout_caves

Skill      XL: |  1  2  3  4  5  6  7  8  9 10 11 12 13 14 15 |
---------------+----------------------------------------------+-----
Ice Magic      | 5 6 7 8 9 13 15 | 15.0
Fighting       | 5 9 12 | 12.0
Dodging        | 2 8 9 10 | 10.3
Stealth        | 12 15 | 15.0
Armour         | 6 7 9 |  9.0
Invocations    | 3 9 |  9.0
Spellcasting   | 6 |  6.0
Shields        | 4 |  4.0
Staves         | 3 |  3.0

Action                   |  1- 3 |  4- 6 |  7- 9 | 10-12 | 13-15 || total
-------------------------+-------+-------+-------+-------+-------++-------
Melee: Short sword       |     7 |       |       |       |       ||     7
       Whip              |    19 |   106 |   177 |       |       ||   302
       Spear             |       |       |    10 |   491 |   806 ||  1307
Throw: Throwing net      |       |       |       |     2 |       ||     2
 Cast: Freeze            |    39 |    30 |     2 |    15 |    13 ||    99
       Frozen Ramparts   |       |    13 |    43 |    84 |   120 ||   260
       Ozocubu's Armour  |       |     1 |    16 |    24 |    42 ||    83
       Summon Ice Beast  |       |       |       |       |    41 ||    41
       Hailstorm         |       |       |       |       |     3 ||     3
Invok: Minor Destruction |       |       |       |     1 |     6 ||     7
       Lesser Servant of |       |       |       |       |     8 ||     8
Evoke: Wand              |       |       |     4 |     5 |     9 ||    18
  Use: Scroll            |       |     1 |    11 |     7 |    11 ||    30
       Potion            |       |       |     3 |     4 |     2 ||     9
 Stab: Sleeping          |     2 |     1 |       |    12 |    17 ||    32
       Held in net/web   |       |       |       |     2 |       ||     2
       Distracted        |       |       |       |       |     6 ||     6
       Paralysed         |       |       |       |       |     5 ||     5
Armor: Leather armour    |    10 |    36 |    13 |       |       ||    59
       Ring mail         |       |       |    50 |   253 |   484 ||   787
Dodge: Dodged            |    29 |    58 |   142 |   458 |   621 ||  1308
Block: Buckler           |       |       |       |       |   173 ||   173

Table legend: (Time is in decaauts)
 A = Elapsed time spent in this place.
 B = Non-inter-level travel time spent in this place.
 C = Inter-level travel time spent in this place.
 D = Time resting spent in this place.
 E = Time spent auto-exploring this place.
 F = Levels seen in this place.
 G = Mean time per level.
                   A        B        C        D        E       F      G
               +--------+--------+--------+--------+--------+-----+--------+
         Total |  31081 |  29175 |   1906 |   8499 |  13431 |  23 | 1351.3 |
       Dungeon |  20163 |  18849 |   1314 |   6375 |   8115 |  13 | 1551.0 |
        Temple |    215 |    179 |     36 |      0 |    178 |   1 |  215.0 |
          Lair |   9815 |   9259 |    556 |   1800 |   4945 |   6 | 1635.8 |
  Orcish Mines |      2 |      2 |      0 |      0 |      0 |   1 |    2.0 |
        Bailey |    777 |    777 |      0 |    324 |    193 |   1 |  777.0 |
      Ice Cave |    107 |    107 |      0 |      0 |      0 |   1 |  107.0 |
               +--------+--------+--------+--------+--------+-----+--------+

Top non-repeatable levels by time:
  Lair:6: 2531 daAuts
     D:9: 2257 daAuts
     D:4: 2148 daAuts
     D:8: 2000 daAuts
  Lair:3: 1949 daAuts
     D:2: 1917 daAuts
     D:6: 1617 daAuts
    D:11: 1563 daAuts
     D:7: 1541 daAuts
  Lair:4: 1470 daAuts
    D:10: 1446 daAuts
  Lair:2: 1432 daAuts
    D:12: 1298 daAuts
    D:13: 1254 daAuts
     D:1: 1228 daAuts
